ORI
UNIVERSITY OF MAINE BLACK BEARS @ UNIVERSITY OF FLORIDA GATORS
08/09/2048
 
TOP OF THE 1ST
University of Maine Black Bears batting - Pitching for University of Florida Gators : RHP Jay Rudacille
Pitching: RHP Jay Rudacille
Batting: RHB Mark Cozens 0-0: Ball
1-0: Ground out U3 (Groundball, 13, EV 83.1 MPH)
Batting: LHB Dave Aguilar 0-0: Foul Ball, location: 2F
0-1: Ball
1-1: Fly out, F8 (Flyball, 8RD, EV 85.0 MPH)
Batting: RHB Geoffrey Potter 0-0: Ball
1-0: Ball
2-0: Foul Ball, location: 2F
2-1: Swinging Strike
2-2: Ball
3-2: Foul Ball, location: 2F
3-2: Ground out 1-3 (Groundball, P, EV 63.8 MPH)
Top of the 1st over - 0 runs, 0 hits, 0 errors, 0 left on base; University of Maine 0 - University of Florida 0
BOTTOM OF THE 1ST
University of Florida Gators batting - Pitching for University of Maine Black Bears : RHP Tom Neft
Pitching: RHP Tom Neft
Batting: LHB Terry Bayer 0-0: Ball
1-0: Ball
2-0: Called Strike
2-1: Ball
3-1: Base on Balls
Batting: RHB Lião Weishampt 0-0: Ball
Terry Bayer is caught stealing 2nd base 2-4
1-0: Ball
2-0: Called Strike
2-1: Ball
3-1: Base on Balls
Batting: RHB Robert Mason 0-0: Ball
1-0: Fly out, F8 (Flyball, 8RM, EV 90.0 MPH)
Batting: SHB Nelson Carachure 0-0: Called Strike
0-1: Ball
1-1: Ball
2-1: Fly out, F8 (Flyball, 8LM, EV 77.5 MPH)
Bottom of the 1st over - 0 runs, 0 hits, 0 errors, 1 left on base; University of Maine 0 - University of Florida 0
TOP OF THE 2ND
University of Maine Black Bears batting - Pitching for University of Florida Gators : RHP Jay Rudacille
Batting: LHB Carlos Rivera 0-0: Ball
1-0: Called Strike
1-1: Foul Ball, location: 2F
1-2: Strikes out swinging
Batting: RHB Geoffrey Gonzalez 0-0: Called Strike
0-1: Ball
1-1: Ball
2-1: Ball
3-1: Called Strike
3-2: Strikes out looking
Batting: LHB Taro Inamine 0-0: Ball
1-0: Fly out, F4 (Line Drive, 4, EV 67.5 MPH)
Top of the 2nd over - 0 runs, 0 hits, 0 errors, 0 left on base; University of Maine 0 - University of Florida 0
BOTTOM OF THE 2ND
University of Florida Gators batting - Pitching for University of Maine Black Bears : RHP Tom Neft
Batting: RHB Gong-sun Law 0-0: Called Strike
0-1: Ball
1-1: SINGLE (Line Drive, 8LS, EV 106.9 MPH)
Batting: RHB Elliott Pye 0-0: Ball
1-0: Called Strike
1-1: Ball
2-1: Fly out, F8 (Flyball, 89M, EV 81.2 MPH)
Batting: RHB C.J. Clifford 0-0: Grounds into double play, 5-4-3 (Groundball, 56, EV 103.8 MPH)
Bottom of the 2nd over - 0 runs, 1 hit, 0 errors, 0 left on base; University of Maine 0 - University of Florida 0
TOP OF THE 3RD
University of Maine Black Bears batting - Pitching for University of Florida Gators : RHP Jay Rudacille
Batting: RHB Jay Mellon 0-0: Ball
1-0: Called Strike
1-1: Ground out 6-3 (Groundball, 56D, EV 78.1 MPH)
Batting: SHB Mario Barajas 0-0: Called Strike
0-1: Ball
1-1: Swinging Strike
1-2: Strikes out looking
Batting: RHB Kevin Baker 0-0: Ground out 5-3 (Groundball, 56, EV 99.4 MPH)
Top of the 3rd over - 0 runs, 0 hits, 0 errors, 0 left on base; University of Maine 0 - University of Florida 0
BOTTOM OF THE 3RD
University of Florida Gators batting - Pitching for University of Maine Black Bears : RHP Tom Neft
Batting: RHB Jae-won Kwon 0-0: Ground out 1-3 (Groundball, 13S, EV 74.4 MPH)
Batting: LHB Roy Davies 0-0: Ball
1-0: SINGLE (Groundball, 3D, EV 106.2 MPH)
Batting: LHB Terry Bayer 0-0: Ball
1-0: TRIPLE (Flyball, 7D, EV 104.4 MPH)
Roy Davies scores
Batting: RHB Lião Weishampt 0-0: Ball
1-0: Fly out, F8 (Flyball, 78S, EV 90.0 MPH)
Batting: RHB Robert Mason 0-0: Called Strike
0-1: Foul Ball, location: 2F
0-2: Fly out, F3 (Popup, 3SF, EV 77.5 MPH)
Bottom of the 3rd over - 1 run, 2 hits, 0 errors, 1 left on base; University of Maine 0 - University of Florida 1
TOP OF THE 4TH
University of Maine Black Bears batting - Pitching for University of Florida Gators : RHP Jay Rudacille
Batting: RHB Mark Cozens 0-0: Ball
1-0: Ground out 6-3 (Groundball, 56, EV 102.5 MPH)
Batting: LHB Dave Aguilar 0-0: Ground out U3 (Groundball, 3S, EV 91.9 MPH)
Batting: RHB Geoffrey Potter 0-0: Ball
1-0: Called Strike
1-1: Ball
2-1: Ball
3-1: Ground out 4-3 (Groundball, 4, EV 86.9 MPH)
Top of the 4th over - 0 runs, 0 hits, 0 errors, 0 left on base; University of Maine 0 - University of Florida 1
BOTTOM OF THE 4TH
University of Florida Gators batting - Pitching for University of Maine Black Bears : RHP Tom Neft
Batting: SHB Nelson Carachure 0-0: Ball
1-0: SINGLE (Line Drive, 56D, EV 101.9 MPH)
Batting: RHB Gong-sun Law 0-0: Ball
1-0: Foul Ball, location: 2F
1-1: Ball
2-1: Ball
3-1: Foul Ball, location: 2F
3-2: Base on Balls
Nelson Carachure to second
Batting: RHB Elliott Pye 0-0: Ball
1-0: Ball
2-0: Called Strike
2-1: Ball
3-1: Foul Ball, location: 2F
3-2: Base on Balls
Nelson Carachure to third
Gong-sun Law to second
Batting: RHB C.J. Clifford 0-0: Foul Ball, location: 2F
0-1: Ball
1-1: Swinging Strike
1-2: Fielders Choice at 2nd, 4-6 (Groundball, 4, EV 103.8 MPH)
Nelson Carachure scores
Gong-sun Law to third
Pitching: LHP German Baez
Batting: RHB Jae-won Kwon 0-0: Called Strike
0-1: 3-RUN HOME RUN (Flyball, 7LD, EV 97.5 MPH), Distance : 379 ft
Batting: LHB Roy Davies 0-0: Ball
1-0: Ground out 4-3 (Groundball, 4, EV 75.6 MPH)
Pinch Hitting: LHB Juan Cadavid 0-0: Called Strike
0-1: Ground out 6-3 (Groundball, 6MS, EV 70.0 MPH)
Bottom of the 4th over - 4 runs, 2 hits, 0 errors, 0 left on base; University of Maine 0 - University of Florida 5
TOP OF THE 5TH
University of Maine Black Bears batting - Pitching for University of Florida Gators : RHP Jay Rudacille
Now at C: Angelo Rentas
Now at 2B: Manny Harrison
Now in CF: Keith Kamerling
Now in RF: Pat Justice
Batting: LHB Carlos Rivera 0-0: Foul Ball, location: 2F
0-1: SOLO HOME RUN (Flyball, 9D, EV 103.1 MPH), Distance : 381 ft
Batting: RHB Geoffrey Gonzalez 0-0: Ball
1-0: Ball
2-0: Called Strike
2-1: Foul Ball, location: 2F
2-2: Strikes out looking
Batting: LHB Taro Inamine 0-0: Ball
1-0: Ground out U3 (Groundball, 3, EV 83.1 MPH)
Batting: RHB Jay Mellon 0-0: Foul Ball, location: 2F
0-1: Foul Ball, location: 2F
0-2: Foul Ball, location: 2F
0-2: Ball
1-2: Strikes out swinging
Top of the 5th over - 1 run, 1 hit, 0 errors, 0 left on base; University of Maine 1 - University of Florida 5
BOTTOM OF THE 5TH
University of Florida Gators batting - Pitching for University of Maine Black Bears : LHP German Baez
Now at C: Julio Villanueva
Now at SS: Travis Whitby
Batting: SHB Pat Justice 0-0: Foul Ball, location: 2F
0-1: Fly out, F7 (Flyball, 78S, EV 86.9 MPH)
Batting: RHB Manny Harrison 0-0: Ball
1-0: Ball
2-0: Foul Ball, location: 2F
2-1: Foul Ball, location: 2F
2-2: Strikes out swinging
Batting: SHB Nelson Carachure 0-0: Swinging Strike
0-1: Called Strike
0-2: Ball
1-2: Fly out, F9 (Flyball, 89M, EV 76.9 MPH)
Bottom of the 5th over - 0 runs, 0 hits, 0 errors, 0 left on base; University of Maine 1 - University of Florida 5
TOP OF THE 6TH
University of Maine Black Bears batting - Pitching for University of Florida Gators : RHP Jay Rudacille
Now in LF: Penrod Winter
Batting: SHB Mario Barajas 0-0: Called Strike
0-1: Called Strike
0-2: Foul Ball, location: 2F
0-2: Ball
1-2: Foul Ball, location: 2F
1-2: Fly out, F8 (Flyball, 78S, EV 75.6 MPH)
Batting: RHB Kevin Baker 0-0: Called Strike
0-1: Foul Ball, location: 2F
0-2: Ball
1-2: Foul Ball, location: 2F
1-2: Strikes out swinging
Pinch Hitting: LHB Osmo Leino 0-0: Ball
1-0: Called Strike
1-1: Foul Ball, location: 2F
1-2: Ball
2-2: Foul Ball, location: 2F
2-2: Ball
3-2: Foul Ball, location: 2F
3-2: Hit by Pitch
Pitching: LHP Jorge Guadalupe
Pinch Hitting: RHB Justin Degon 0-0: Ball
1-0: Ball
2-0: SINGLE (Groundball, 34, EV 84.4 MPH) (infield hit)
Osmo Leino to second
Batting: RHB Travis Whitby 0-0: Ball
1-0: Foul Ball, location: 2F
1-1: Foul Ball, location: 2F
1-2: Fly out, F8 (Line Drive, 89M, EV 107.5 MPH)
Top of the 6th over - 0 runs, 1 hit, 0 errors, 2 left on base; University of Maine 1 - University of Florida 5
BOTTOM OF THE 6TH
University of Florida Gators batting - Pitching for University of Maine Black Bears : LHP German Baez
Now at 1B: Osmo Leino
Now at 2B: Justin Degon
Pinch Hitting: RHB Marco Morales 0-0: Ball
1-0: Called Strike
1-1: Ground out 4-3 (Groundball, 4S, EV 83.8 MPH)
Batting: RHB Keith Kamerling 0-0: Ball
1-0: Fly out, F7 (Flyball, 7D, EV 100.0 MPH)
Batting: RHB C.J. Clifford 0-0: Called Strike
0-1: Foul Ball, location: 2F
0-2: Strikes out swinging
Bottom of the 6th over - 0 runs, 0 hits, 0 errors, 0 left on base; University of Maine 1 - University of Florida 5
TOP OF THE 7TH
University of Maine Black Bears batting - Pitching for University of Florida Gators : LHP Jorge Guadalupe
Now at SS: Juan Lopez
Pinch Hitting: LHB John Knox 0-0: Called Strike
0-1: Ball
1-1: Foul Ball, location: 2F
1-2: Strikes out swinging
Batting: RHB Julio Villanueva 0-0: Ball
1-0: Foul Ball, location: 2F
1-1: Ball
2-1: Foul Ball, location: 2F
2-2: Ball
3-2: Ground out U3 (Groundball, 3L, EV 86.9 MPH)
Batting: RHB Chris Hill 0-0: SOLO HOME RUN (Flyball, 9LD, EV 88.8 MPH), Distance : 338 ft
Pinch Hitting: LHB Seung Pack 0-0: Ball
1-0: TRIPLE (Line Drive, 89XD, EV 98.8 MPH)
Pinch Hitting: RHB Rewa Havika 0-0: Ball
1-0: Called Strike
1-1: Ball
2-1: SINGLE (Groundball, 56D, EV 102.5 MPH)
Seung Pack scores
Pinch Hitting: RHB Wang Huan 0-0: Called Strike
0-1: Ball
1-1: Swinging Strike
1-2: Strikes out looking
Top of the 7th over - 2 runs, 3 hits, 0 errors, 1 left on base; University of Maine 3 - University of Florida 5
BOTTOM OF THE 7TH
University of Florida Gators batting - Pitching for University of Maine Black Bears : LHP German Baez
Pitching: RHP Ik-jun Jahng
Now at 3B: Rewa Havika
Now in LF: Seung Pack
Now in CF: Wang Huan
Now in RF: John Knox
Batting: RHB Luis Cabera 0-0: Ball
1-0: Ball
2-0: Ground out U3 (Groundball, 3L, EV 91.2 MPH)
Pinch Hitting: RHB Ben Bailey 0-0: Fly out, F6 (Line Drive, 6, EV 106.2 MPH)
Batting: RHB Angelo Rentas 0-0: Called Strike
0-1: Swinging Strike
0-2: Ball
1-2: Strikes out swinging
Bottom of the 7th over - 0 runs, 0 hits, 0 errors, 0 left on base; University of Maine 3 - University of Florida 5
TOP OF THE 8TH
University of Maine Black Bears batting - Pitching for University of Florida Gators : LHP Jorge Guadalupe
Pitching: RHP Dave Ross
Now at 1B: Dave Newsome
Batting: LHB Osmo Leino 0-0: Fly out, F8 (Flyball, 8LD, EV 95.0 MPH)
Pinch Hitting: LHB John Bergeron 0-0: Called Strike
0-1: Ball
1-1: Ball
2-1: Foul Ball, location: 2F
2-2: Ball
3-2: SOLO HOME RUN (Flyball, 9D, EV 99.4 MPH), Distance : 383 ft
Batting: RHB Travis Whitby 0-0: Called Strike
0-1: Ball
1-1: Foul Ball, location: 2F
1-2: Foul Ball, location: 2F
1-2: Foul Ball, location: 2F
1-2: Foul Ball, location: 2F
1-2: Hit by Pitch
Pitching: LHP Alex Zepeda
Pinch Hitting: RHB Frank Gould 0-0: Called Strike
0-1: Swinging Strike
0-2: Strikes out swinging
Pitching: LHP Adhamh Lubis
Pinch Hitting: SHB Ron Handford 0-0: Ball
1-0: Ball
2-0: Foul Ball, location: 2F
2-1: SINGLE (Line Drive, 89D, EV 96.9 MPH)
Travis Whitby to second
Batting: RHB Chris Hill 0-0: Called Strike
0-1: Foul Ball, location: 2F
0-2: Fielders Choice at 2nd, 6-4 (Groundball, 6, EV 81.2 MPH)
Top of the 8th over - 1 run, 2 hits, 0 errors, 2 left on base; University of Maine 4 - University of Florida 5
BOTTOM OF THE 8TH
University of Florida Gators batting - Pitching for University of Maine Black Bears : RHP Ik-jun Jahng
Pitching: RHP Steve Brill
Now at C: Ron Handford
Now at 2B: Steve Thomas
Now in RF: John Bergeron
Batting: SHB Pat Justice 0-0: Called Strike
0-1: Ball
1-1: Foul Ball, location: 2F
1-2: Ground out U3 (Groundball, 3S, EV 80.0 MPH)
Batting: RHB Manny Harrison 0-0: Ball
1-0: Called Strike
1-1: Ground out 3-1 (Groundball, 34, EV 86.2 MPH)
Batting: LHB Penrod Winter 0-0: Foul Ball, location: 2F
0-1: Fly out, F9 (Flyball, 9, EV 95.6 MPH)
Bottom of the 8th over - 0 runs, 0 hits, 0 errors, 0 left on base; University of Maine 4 - University of Florida 5
TOP OF THE 9TH
University of Maine Black Bears batting - Pitching for University of Florida Gators : LHP Adhamh Lubis
Pinch Hitting: RHB Scott Snyder 0-0: Foul Ball, location: 2F
0-1: Swinging Strike
0-2: Foul Ball, location: 2F
0-2: Ball
1-2: Foul Ball, location: 2F
1-2: Ball
2-2: Foul Ball, location: 2F
2-2: Ball
3-2: Fly out, F8 (Flyball, 8RS, EV 96.2 MPH)
Batting: RHB Rewa Havika 0-0: Called Strike
0-1: Foul Ball, location: 2F
0-2: Ball
1-2: SOLO HOME RUN (Flyball, 78XD, EV 105.0 MPH), Distance : 445 ft
Batting: RHB Wang Huan 0-0: Ground out 5-3 (Groundball, 5, EV 84.4 MPH)
Pinch Hitting: RHB Bryan Douglas 0-0: Called Strike
0-1: Swinging Strike
0-2: Fly out, F7 (Flyball, 7D, EV 81.9 MPH)
Top of the 9th over - 1 run, 1 hit, 0 errors, 0 left on base; University of Maine 5 - University of Florida 5
BOTTOM OF THE 9TH
University of Florida Gators batting - Pitching for University of Maine Black Bears : RHP Steve Brill
Pitching: RHP Chance Crawford
Now at 1B: Bryan Douglas
Now in LF: Alex Day
Batting: RHB Juan Lopez 0-0: Ball
1-0: Fly out, F9 (Flyball, 9, EV 83.8 MPH)
Pinch Hitting: LHB Paul Martel 0-0: Called Strike
0-1: Foul Ball, location: 2F
0-2: Strikes out swinging
Batting: RHB C.J. Clifford 0-0: Called Strike
0-1: Called Strike
0-2: Fly out, F2 (Popup, 2R, EV 86.9 MPH)
Bottom of the 9th over - 0 runs, 0 hits, 0 errors, 0 left on base; University of Maine 5 - University of Florida 5
TOP OF THE 10TH
University of Maine Black Bears batting - Pitching for University of Florida Gators : LHP Adhamh Lubis
Pitching: LHP Bill White
Now in CF: Hiromichi Takamoto
Batting: LHB John Bergeron 0-0: Swinging Strike
0-1: Ball
1-1: Ball
2-1: Foul Ball, location: 2F
2-2: Strikes out looking
Batting: RHB Travis Whitby 0-0: Fly out, F4 (Popup, 3S, EV 91.9 MPH)
Batting: LHB Steve Thomas 0-0: Called Strike
0-1: Ball
1-1: Foul Ball, location: 2F
1-2: Foul Ball, location: 2F
1-2: Strikes out looking
Top of the 10th over - 0 runs, 0 hits, 0 errors, 0 left on base; University of Maine 5 - University of Florida 5
BOTTOM OF THE 10TH
University of Florida Gators batting - Pitching for University of Maine Black Bears : RHP Chance Crawford
Pitching: LHP Preston Harbold
Batting: RHB Luis Cabera 0-0: Fly out, F9 (Flyball, BS7, EV 105.0 MPH)
Batting: LHB Dave Newsome 0-0: TRIPLE (Line Drive, 89XD, EV 102.5 MPH)
Pinch Hitting: RHB Cyril Theophanous 0-0: Bunted foul
Squeeze bunt is on, Dave Newsome is out
0-2: Foul Ball, location: 2F
0-2: Ground out 4-3 (Groundball, 4MS, EV 82.5 MPH)
Bottom of the 10th over - 0 runs, 1 hit, 0 errors, 0 left on base; University of Maine 5 - University of Florida 5
TOP OF THE 11TH
University of Maine Black Bears batting - Pitching for University of Florida Gators : LHP Bill White
Pitching: RHP Marv Harris
Now at C: Sumio Takahashi
Pinch Hitting: RHB Pita Arnurna 0-0: Ball
1-0: Swinging Strike
1-1: Ball
2-1: Foul Ball, location: 2F
2-2: Strikes out looking
Batting: LHB Bill Knolle 0-0: Swinging Strike
0-1: Ball
1-1: Ball
2-1: Foul Ball, location: 2F
2-2: Ball
3-2: Strikes out swinging
Batting: RHB Alex Day 0-0: Ball
1-0: Foul Ball, location: 2F
1-1: Foul Ball, location: 2F
1-2: Strikes out swinging
Top of the 11th over - 0 runs, 0 hits, 0 errors, 0 left on base; University of Maine 5 - University of Florida 5
BOTTOM OF THE 11TH
University of Florida Gators batting - Pitching for University of Maine Black Bears : LHP Preston Harbold
Pitching: RHP Etienne Verburg
Now at C: Pita Arnurna
Pinch Hitting: LHB Juan Moreno 0-0: Ball
1-0: Swinging Strike
1-1: Ball
2-1: Ball
3-1: Foul Ball, location: 2F
3-2: Strikes out swinging, 2-3 out at first.
Pinch Hitting: SHB Tokuichi Ishida 0-0: Fly out, F8 (Flyball, 89D, EV 81.2 MPH)
Batting: LHB Penrod Winter 0-0: Ground out 4-3 (Groundball, 4, EV 80.0 MPH)
Bottom of the 11th over - 0 runs, 0 hits, 0 errors, 0 left on base; University of Maine 5 - University of Florida 5
TOP OF THE 12TH
University of Maine Black Bears batting - Pitching for University of Florida Gators : RHP Marv Harris
Pitching: RHP Carlos Figueroa
Now at 2B: Michael Medina
Now in RF: Juan Moreno
Batting: RHB Rewa Havika 0-0: Ball
1-0: Foul Ball, location: 2F
1-1: Ball
2-1: Ball
3-1: Fly out, F8 (Flyball, 78M, EV 91.9 MPH)
Batting: RHB Wang Huan 0-0: Called Strike
0-1: Ball
1-1: Foul Ball, location: 2F
1-2: Foul Ball, location: 2F
1-2: Strikes out looking
Batting: RHB Bryan Douglas 0-0: Ball
1-0: Foul Ball, location: 2F
1-1: Foul Ball, location: 2F
1-2: Foul Ball, location: 2F
1-2: Strikes out swinging
Top of the 12th over - 0 runs, 0 hits, 0 errors, 0 left on base; University of Maine 5 - University of Florida 5
BOTTOM OF THE 12TH
University of Florida Gators batting - Pitching for University of Maine Black Bears : RHP Etienne Verburg
Pitching: LHP Gary Callender
Batting: RHB Juan Lopez 0-0: Called Strike
0-1: Ball
1-1: Called Strike
1-2: Foul Ball, location: 2F
1-2: Strikes out swinging
Batting: RHB Hiromichi Takamoto 0-0: SINGLE (Line Drive, 78S, EV 92.5 MPH)
Batting: RHB C.J. Clifford 0-0: Ball
1-0: Ball
2-0: Sac Bunt to 13 - play at first, batter OUT! 1-3
Hiromichi Takamoto to second
Batting: RHB Jordan Diaz 0-0: Called Strike
0-1: Foul Ball, location: 2F
0-2: Ground out 6-3 (Groundball, 6MD, EV 106.2 MPH)
Bottom of the 12th over - 0 runs, 1 hit, 0 errors, 1 left on base; University of Maine 5 - University of Florida 5
TOP OF THE 13TH
University of Maine Black Bears batting - Pitching for University of Florida Gators : RHP Carlos Figueroa
Pitching: RHP Vespasiano Galvanoni
Batting: LHB John Bergeron 0-0: Ball
1-0: Ball
2-0: Ball
3-0: Called Strike
3-1: Called Strike
3-2: Foul Ball, location: 2F
3-2: Base on Balls
Batting: RHB Travis Whitby 0-0: Called Strike
0-1: Ball
1-1: Called Strike
1-2: Strikes out swinging
Batting: LHB Steve Thomas 0-0: Ball
1-0: Swinging Strike
1-1: Ball
2-1: Called Strike
2-2: Strikes out swinging
Batting: RHB Pita Arnurna 0-0: Swinging Strike
0-1: Ball
1-1: Ball
2-1: Ball
3-1: Foul Ball, location: 2F
3-2: Strikes out swinging
Top of the 13th over - 0 runs, 0 hits, 0 errors, 1 left on base; University of Maine 5 - University of Florida 5
BOTTOM OF THE 13TH
University of Florida Gators batting - Pitching for University of Maine Black Bears : LHP Gary Callender
Pitching: RHP Shizue Morimoto
Batting: LHB Dave Newsome 0-0: Called Strike
0-1: Ball
1-1: Ball
2-1: Swinging Strike
2-2: Foul Ball, location: 2F
2-2: Ball
3-2: Foul Ball, location: 2F
3-2: Foul Ball, location: 2F
3-2: Strikes out looking
Pinch Hitting: LHB Jose Garcia 0-0: Swinging Strike
0-1: Ball
1-1: Ball
2-1: SINGLE (Groundball, 3D, EV 98.8 MPH)
Batting: LHB Juan Moreno 0-0: Ground out 4-3 (Groundball, 4D, EV 98.8 MPH)
Jose Garcia to second
Batting: SHB Michael Medina 0-0: Intentional Walk
Batting: LHB Penrod Winter 0-0: Ball
1-0: Fly out, F9 (Flyball, 89S, EV 85.0 MPH)
Bottom of the 13th over - 0 runs, 1 hit, 0 errors, 2 left on base; University of Maine 5 - University of Florida 5
TOP OF THE 14TH
University of Maine Black Bears batting - Pitching for University of Florida Gators : RHP Vespasiano Galvanoni
Pitching: RHP Sam Rekowski
Now at C: Vince Trussell
Batting: LHB Bill Knolle 0-0: Ball
1-0: Called Strike
1-1: Foul Ball, location: 2F
1-2: Fly out, F7 (Flyball, 7S, EV 90.6 MPH)
Batting: RHB Alex Day 0-0: Foul Ball, location: 2F
0-1: Ground out 1-3 (Groundball, P, EV 73.8 MPH)
Batting: RHB Rewa Havika 0-0: Fly out, F8 (Flyball, 8LXD, EV 86.2 MPH)
Top of the 14th over - 0 runs, 0 hits, 0 errors, 0 left on base; University of Maine 5 - University of Florida 5
BOTTOM OF THE 14TH
University of Florida Gators batting - Pitching for University of Maine Black Bears : RHP Shizue Morimoto
Pitching: LHP Mario Valderrama
Batting: RHB Juan Lopez 0-0: Foul Ball, location: 2F
0-1: Ball
1-1: Foul Ball, location: 2F
1-2: Ball
2-2: Strikes out looking
Batting: RHB Hiromichi Takamoto 0-0: Ball
1-0: Ball
2-0: SINGLE (Flyball, 7LS, EV 100.0 MPH)
Batting: RHB C.J. Clifford 0-0: Ball
Hiromichi Takamoto is caught stealing 2nd base 2-4
1-0: SINGLE (Line Drive, 89M, EV 92.5 MPH)
Batting: RHB Jordan Diaz 0-0: Called Strike
0-1: Ball
1-1: Called Strike
1-2: Foul Ball, location: 2F
1-2: Ball
2-2: Ball
3-2: Strikes out swinging
Bottom of the 14th over - 0 runs, 2 hits, 0 errors, 1 left on base; University of Maine 5 - University of Florida 5
TOP OF THE 15TH
University of Maine Black Bears batting - Pitching for University of Florida Gators : RHP Sam Rekowski
Pitching: RHP Shinshou Yamamoto
Batting: RHB Wang Huan 0-0: Called Strike
0-1: Ball
1-1: Ball
2-1: Foul Ball, location: 2F
2-2: Ball
3-2: Fly out, F9 (Flyball, 89M, EV 82.5 MPH)
Batting: RHB Bryan Douglas 0-0: Ball
1-0: Ball
2-0: Foul Ball, location: 2F
2-1: Swinging Strike
2-2: Ball
3-2: Strikes out looking
Batting: LHB John Bergeron 0-0: SINGLE (Line Drive, 8RS, EV 92.5 MPH)
Batting: RHB Travis Whitby 0-0: SINGLE (Flyball, 89S, EV 90.0 MPH)
John Bergeron to second
Batting: LHB Steve Thomas 0-0: Called Strike
0-1: Swinging Strike
0-2: Foul Ball, location: 2F
0-2: Strikes out swinging
Top of the 15th over - 0 runs, 2 hits, 0 errors, 2 left on base; University of Maine 5 - University of Florida 5
BOTTOM OF THE 15TH
University of Florida Gators batting - Pitching for University of Maine Black Bears : LHP Mario Valderrama
Pitching: LHP Al Sisneros
Pinch Hitting: RHB Trevor Wheeler 0-0: Swinging Strike
0-1: Ball
1-1: SINGLE (Groundball, 6MD, EV 107.5 MPH)
Batting: RHB Vince Trussell 0-0: Sac Bunt to 13 - play at first, batter OUT! 1-4
Trevor Wheeler to second
Batting: LHB Juan Moreno 0-0: Ground out 4-3 (Groundball, 4, EV 98.1 MPH)
Trevor Wheeler to third
Batting: SHB Michael Medina 0-0: Intentional Walk
Batting: LHB Penrod Winter 0-0: Called Strike
0-1: Swinging Strike
0-2: Ball
1-2: Ball
2-2: Fly out, F8 (Flyball, 8LXD, EV 108.8 MPH)
Bottom of the 15th over - 0 runs, 1 hit, 0 errors, 2 left on base; University of Maine 5 - University of Florida 5
TOP OF THE 16TH
University of Maine Black Bears batting - Pitching for University of Florida Gators : RHP Shinshou Yamamoto
Pitching: LHP Matt Fredell
Now at 1B: Trevor Wheeler
Batting: RHB Pita Arnurna 0-0: Fly out, F8 (Flyball, 78D, EV 93.8 MPH)
Batting: LHB Bill Knolle 0-0: Called Strike
0-1: Ball
1-1: Foul Ball, location: 2F
1-2: Strikes out swinging
Batting: RHB Alex Day 0-0: Ball
1-0: Foul Ball, location: 2F
1-1: Ball
2-1: Ball
3-1: Base on Balls
Batting: RHB Rewa Havika 0-0: Fielders Choice at 2nd, 5-4 (Groundball, 56, EV 106.9 MPH)
Top of the 16th over - 0 runs, 0 hits, 0 errors, 1 left on base; University of Maine 5 - University of Florida 5
BOTTOM OF THE 16TH
University of Florida Gators batting - Pitching for University of Maine Black Bears : LHP Al Sisneros
Pitching: RHP Ivano Benincasa
Batting: RHB Juan Lopez 0-0: Ball
1-0: Foul Ball, location: 2F
1-1: Foul Ball, location: 2F
1-2: Ball
2-2: Strikes out swinging
Batting: RHB Hiromichi Takamoto 0-0: Ball
1-0: Called Strike
1-1: Ball
2-1: Foul Ball, location: 2F
2-2: Ground out 5-3 (Groundball, 5, EV 86.9 MPH)
Batting: RHB C.J. Clifford 0-0: Ball
1-0: Ball
2-0: Foul Ball, location: 2F
2-1: Ground out 6-3 (Groundball, 6, EV 85.6 MPH)
Bottom of the 16th over - 0 runs, 0 hits, 0 errors, 0 left on base; University of Maine 5 - University of Florida 5
TOP OF THE 17TH
University of Maine Black Bears batting - Pitching for University of Florida Gators : LHP Matt Fredell
Pitching: RHP David Villanueva
Batting: RHB Wang Huan 0-0: Foul Ball, location: 2F
0-1: Foul Ball, location: 2F
0-2: Strikes out swinging
Batting: RHB Bryan Douglas 0-0: Ball
1-0: Ball
2-0: Swinging Strike
2-1: Ball
3-1: Base on Balls
Batting: LHB John Bergeron 0-0: Ball
1-0: Called Strike
1-1: Called Strike
1-2: Strikes out swinging
Batting: RHB Travis Whitby 0-0: Ball
1-0: Called Strike
1-1: Swinging Strike
1-2: Foul Ball, location: 2F
1-2: Ball
2-2: Foul Ball, location: 2F
2-2: Strikes out swinging
Top of the 17th over - 0 runs, 0 hits, 0 errors, 1 left on base; University of Maine 5 - University of Florida 5
BOTTOM OF THE 17TH
University of Florida Gators batting - Pitching for University of Maine Black Bears : RHP Ivano Benincasa
Pitching: RHP Abera Koude
Batting: RHB Josh Curtis 0-0: Ball
1-0: Ball
2-0: Ball
3-0: Base on Balls
Batting: RHB Trevor Wheeler 0-0: Bunt missed!
0-1: Sac Bunt to 25 - play at first, batter OUT! 5-3
Josh Curtis to second
Batting: RHB Vince Trussell 0-0: Ball
1-0: Ground out 4-3 (Groundball, 4, EV 93.1 MPH)
Josh Curtis to third
Batting: LHB Juan Moreno 0-0: Ball
1-0: Foul Ball, location: 2F
1-1: Ground out 2-3 (Groundball, 2R, EV 72.5 MPH)
Bottom of the 17th over - 0 runs, 0 hits, 0 errors, 1 left on base; University of Maine 5 - University of Florida 5
TOP OF THE 18TH
University of Maine Black Bears batting - Pitching for University of Florida Gators : RHP David Villanueva
Pitching: RHP Eddie Leniger
Batting: LHB Steve Thomas 0-0: Foul Ball, location: 2F
0-1: Ball
1-1: Ball
2-1: Called Strike
2-2: Fly out, F9 (Flyball, 9S, EV 84.4 MPH)
Batting: RHB Pita Arnurna 0-0: Ball
1-0: Called Strike
1-1: Ball
2-1: Called Strike
2-2: Ball
3-2: Foul Ball, location: 2F
3-2: SINGLE (Flyball, 8LS, EV 91.9 MPH)
Batting: LHB Bill Knolle 0-0: Ball
1-0: Foul Ball, location: 2F
1-1: Foul Ball, location: 2F
1-2: Ball
2-2: Ball
3-2: Strikes out swinging
Batting: RHB Alex Day 0-0: SINGLE (Groundball, P, EV 83.1 MPH) (infield hit)
Pita Arnurna to second
Batting: RHB Rewa Havika 0-0: Ball
1-0: Ball
2-0: Swinging Strike
2-1: Called Strike
2-2: Strikes out swinging
Top of the 18th over - 0 runs, 2 hits, 0 errors, 2 left on base; University of Maine 5 - University of Florida 5
BOTTOM OF THE 18TH
University of Florida Gators batting - Pitching for University of Maine Black Bears : RHP Abera Koude
Pitching: RHP Daniel Graves
Batting: SHB Michael Medina 0-0: Called Strike
0-1: Ball
1-1: Called Strike
1-2: Strikes out swinging
Batting: LHB Penrod Winter 0-0: Foul Ball, location: 2F
0-1: Called Strike
0-2: Ball
1-2: Ball
2-2: Ball
3-2: Strikes out swinging, 2-3 out at first.
Batting: RHB Juan Lopez 0-0: Ball
1-0: Ground out 3-1 (Groundball, 34, EV 90.6 MPH)
Bottom of the 18th over - 0 runs, 0 hits, 0 errors, 0 left on base; University of Maine 5 - University of Florida 5
TOP OF THE 19TH
University of Maine Black Bears batting - Pitching for University of Florida Gators : RHP Eddie Leniger
Pitching: LHP Michel Loiseau
Batting: RHB Wang Huan 0-0: Swinging Strike
0-1: Ball
1-1: Called Strike
1-2: Ball
2-2: Reached on error, E5 (Groundball, 56S, EV 85.0 MPH)
Batting: RHB Bryan Douglas 0-0: Ball
1-0: Foul Ball, location: 2F
1-1: Swinging Strike
1-2: Foul Ball, location: 2F
1-2: Strikes out swinging
Batting: LHB John Bergeron 0-0: Fielders Choice at 2nd, 4-6 (Groundball, 4, EV 88.8 MPH)
Batting: RHB Travis Whitby 0-0: Called Strike
0-1: Called Strike
0-2: Ball
1-2: Ball
2-2: Ball
3-2: DOUBLE (Flyball, 8LXD, EV 95.0 MPH)
John Bergeron to third
John Bergeron scores
Batting: LHB Steve Thomas 0-0: Ball
1-0: Ball
2-0: Ball
3-0: Base on Balls
Batting: RHB Pita Arnurna 0-0: Called Strike
0-1: Ball
1-1: Ball
2-1: Swinging Strike
2-2: Strikes out swinging
Top of the 19th over - 1 run, 1 hit, 1 error, 2 left on base; University of Maine 6 - University of Florida 5
BOTTOM OF THE 19TH
University of Florida Gators batting - Pitching for University of Maine Black Bears : RHP Daniel Graves
Pitching: RHP Kurt Goff
Batting: RHB Hiromichi Takamoto 0-0: Called Strike
0-1: Ball
1-1: Ball
2-1: Swinging Strike
2-2: Ball
3-2: Strikes out swinging
Batting: RHB C.J. Clifford 0-0: Ball
1-0: Ball
2-0: Ground out 5-3 (Groundball, 5L, EV 97.5 MPH)
Batting: RHB Josh Curtis 0-0: Ball
1-0: Foul Ball, location: 2F
1-1: SINGLE (Groundball, 6MD, EV 108.1 MPH)
Batting: RHB Trevor Wheeler 0-0: Swinging Strike
0-1: Ground out 4-3 (Groundball, 4S, EV 84.4 MPH)
Bottom of the 19th over - 0 runs, 1 hit, 0 errors, 1 left on base; University of Maine 6 - University of Florida 5
Tuesday, March 28th , 2023 - OOTP Baseball 23.10 Build 110